AoeStats
← GIULIOCESARE

Arena

507390136Analyzed
1v1 RM · 13d ago on Sep 18, 2026· 47m 0s· 2 players
Game mode
Random Map
Map size
Tiny (2 player)
Population
200
Speed
Normal
Resources
Standard
Victory
Conquest
Starting age
Dark Age
Ending age
Imperial Age
RankedLock teamsTeams togetherTeam positionsShared explorationLock speedFull tech treeHidden civsTurbo modeCheats
Victory
Defeat
🇺🇸 Romans · United States
740
+14
🇮🇹 Khmer · Italy
693
-33
JAVIXVZLA
0:28 Loom
9:53 Feudal Age
10:19 Double-Bit Axe
13:06 Horse Collar
16:27 Man-at-Arms
19:51 Castle Age
17:49 Stone Mining
17:53 Gold Mining
18:58 Scale Mail Armor
19:41 Forging
21:29 Heavy Plow
22:01 Town Watch
23:17 Wheelbarrow
22:31 Long Swordsman
23:45 Bow Saw
23:32 Pikeman
25:55 Hand Cart
27:38 Gold Shaft Mining
27:15 Squires
34:19 Imperial Age
32:39 Ballistics
32:55 Ballistas
32:28 Light Cavalry
33:22 Bloodlines
35:42 Iron Casting
35:22 Chain Mail Armor
35:14 Scale Barding Armor
35:14 Halberdier
36:54 Conscription
38:28 Blast Furnace
39:05 Chemistry
39:16 Crop Rotation
41:00 Heavy Scorpion
42:45 Chain Barding Armor
44:05 Siege Engineers
44:41 Plate Barding Armor
GIULIOCESARE
0:30 Loom
12:49 Feudal Age
14:10 Wheelbarrow
13:24 Double-Bit Axe
13:24 Horse Collar
13:38 Stone Mining
13:38 Gold Mining
14:02 Gold Mining
21:36 Castle Age
20:44 Bloodlines
20:44 Scale Barding Armor
21:57 Forging
23:01 Heavy Plow
25:21 Hand Cart
25:21 Bow Saw
27:04 Gold Shaft Mining
29:11 Chain Barding Armor
29:28 Iron Casting
30:07 Stone Shaft Mining
32:22 Tusk Swords
36:33 Imperial Age
38:47 Crop Rotation
40:44 Conscription
41:38 Blast Furnace
43:55 Husbandry
43:31 Light Cavalry
44:53 Plate Barding Armor
Connection lost

Rejoining the realm…

Still unreachable

The connection could not be restored.

Session expired

The server has moved on; the page needs a fresh start.